 Dungeon Crawl Stone Soup version 0.29.0-4-gdea44cf6ec (webtiles) character file.

Game seed: 4167931153038688152

56 qw the Chopper (level 3, 0/21 HPs)
             Began as a Tengu Warper on Aug 29, 2022.
             Slain by a gnoll
             ... wielding a +0 flail
              (8 damage)
             ... on level 2 of the Dungeon.
             The game lasted 00:00:07 (1676 turns).

qw the Chopper (Tengu Warper)                       Turns: 1676, Time: 00:00:07

Health: 0/21       AC:  3    Str: 13    XL:     3   Next: 95%
Magic:  7/7        EV:  6    Int: 13    God:
Gold:   50         SH:  0    Dex: 13    Spells: 6/6 levels left

rFire   . . .      SeeInvis .   Y - +0 hand axe
rCold   . . .      Faith    .   (no shield)
rNeg    . . .      Spirit   .   b - +0 leather armour
rPois   .          Reflect  .   (helmet restricted)
rElec   .          Harm     .   (no cloak)
rCorr   .          Rampage  .   (no gloves)
Will    .....                   (boots unavailable)
Stlth   +.........              (no amulet)
HPRegen 0.07/turn               (no ring)
MPRegen 0.10/turn               (no ring)

@: held
A: beak, talons 3
a: no special abilities


You were on level 2 of the Dungeon.
You visited 1 branch of the dungeon, and saw 2 of its levels.

You collected 50 gold pieces.


Innate Abilities, Weirdness & Mutations

You have a beak for a mouth.
You have claws for feet.


   Skills:
 - Level 2.0 Fighting
 + Level 4.5 Axes
 - Level 1.0 Throwing
 - Level 1.1 Armour
 - Level 2.1 Dodging
 - Level 2.0 Spellcasting
 - Level 2.4 Translocations


You had 6 spell levels left.
You didn't know any spells.
Your spell library contained the following spells:

 Spells                   Type           Power      Damage    Failure   Level
 Blink                    Tloc           14%        N/A       19%         2
 Gell's Gravitas          Tloc           7%         N/A       36%         3
 Lesser Beckoning         Tloc           7%         N/A       36%         3
 Teleport Other           Tloc           7%         N/A       36%         3
 Manifold Assault         Tloc           7%         N/A       98%         5

Inventory:

Hand Weapons
 a - a +0 club
 Y - a +0 hand axe (weapon)
Armour
 b - a +0 leather armour (worn)
Scrolls
 c - 2 scrolls of teleportation {unknown}
Potions
 d - a potion of heal wounds {unknown}
 e - a potion of curing {unknown}
 f - a potion of lignification {unknown}
 j - a potion of cancellation {unknown}
 k - a potion of attraction {unknown}

Dungeon Overview and Level Annotations

Branches:
Dungeon (2/15)

Altars:
Yredelemnul

Shops:
D:1 :[(


Message History

You now have 39 gold pieces (gained 14).
f - a lumpy coppery potion You open the door.
Found 3 stones.
There is an open door here.
There is an open door here.
You now have 44 gold pieces (gained 5).
You open the door.
There is an open door here.
c - 2 scrolls labelled GOTOISSAEM (gained 1)
You open the door.
There is an open door here.
You open the door.
There is an open door here.
You now have 50 gold pieces (gained 6).
A gnoll comes into view. It is wielding a +0 flail.
Enter note:
Enter note: The gnoll shouts!
A gnoll comes into view. It is wielding a +0 flail.
The gnoll shouts!
You hit the gnoll but do no damage. The gnoll hits you with a +0 flail!
Ouch! That really hurt!
You hit the gnoll. You claw the gnoll.
The gnoll is heavily wounded.
The gnoll hits you with a +0 flail.
You hit the gnoll.
The gnoll is severely wounded.
You hit the gnoll. You claw the gnoll.
The gnoll is moderately wounded.
You hit the gnoll. You claw the gnoll.
You kill the gnoll!
The gnoll throws a throwing net.
The throwing net hits you.
You become entangled in the net!
You struggle against the net.
The gnoll closely misses you.
You struggle against the net.
The gnoll hits you with a +0 flail!
You die...

#...# #.#######'#.#
#...# #.# #.......#
#...# #.# #.......#
##'##
#########.###.......#
##..
........#...#.......##
.....
........'...'..........
#####
######.#...###.#.#.###
#.##### #.#.#.# #@#
#.#.#.# #g# #.#.. ...
#.# . ..... #.# .......
+# ..##'###. ##. #.# ..
. ..# ..


You could see a gnoll.

Vanquished Creatures
  A gnoll (D:2)
  2 adders (D:2)
  4 endoplasms
  A giant cockroach (D:1)
  3 goblins (D:1)
  3 hobgoblins (D:1)
  A quokka (D:1)
  2 ball pythons (D:1)
  2 bats (D:1)
  4 frilled lizards (D:1)
  2 kobolds (D:1)
  2 rats
27 creatures vanquished.

Notes
Turn   | Place    | Note
-------+----------+-------------------------------------------
     0 | D:1      | qw the Tengu Warper began the quest for the Orb.
     0 | D:1      | Reached XP level 1. HP: 12/12 MP: 4/4
     0 | D:1      | 0 ||| qw: Version: 0.1-a-89-g26bdef1
     0 | D:1      | 0 ||| qw: Game counter: 3525
     0 | D:1      | 0 ||| qw: Always use a shield: true
     0 | D:1      | 0 ||| qw: God list: Okawaru
     0 | D:1      | 0 ||| qw: Allow faded altars: false
     0 | D:1      | 0 ||| qw: Do Orc after D:15 true
     0 | D:1      | 0 ||| qw: Do second Lair branch before Depths: true
     0 | D:1      | 0 ||| qw: Lair rune preference: random
     0 | D:1      | 0 ||| qw: Plans: Normal
     0 | D:1      | 0 ||| PLANNING D:1-11
   118 | D:1      | Found Beitsac's Antique Armour Shop.
   128 | D:1      | 128 ||| SHOPLISTING chain mail (121 gold, have 5).
   128 | D:1      | 128 ||| SHOPLISTING cloak (121 gold, have 5).
   128 | D:1      | 128 ||| SHOPLISTING glowing leather armour (135 gold, have
                  | 5).
   128 | D:1      | 128 ||| SHOPLISTING glowing scale mail (189 gold, have 5).
   128 | D:1      | 128 ||| SHOPLISTING pair of gloves (121 gold, have 5).
   128 | D:1      | 128 ||| SHOPLISTING ring mail (108 gold, have 5).
   128 | D:1      | 128 ||| SHOPLISTING scale mail (108 gold, have 5).
   146 | D:1      | Found Mesa's Antique Weapon Emporium.
   151 | D:1      | 151 ||| SHOPLISTING glowing flail (136 gold, have 5).
   151 | D:1      | 151 ||| SHOPLISTING mace (63 gold, have 5).
   151 | D:1      | 151 ||| SHOPLISTING whip (52 gold, have 5).
   201 | D:1      | Reached XP level 2. HP: 17/17 MP: 6/6
   226 | D:1      | Reached skill level 3 in Axes
   314 | D:1      | 314 ||| Stepping ~*~*~tactically~*~*~ (stealth).
   321 | D:1      | 321 ||| Stepping ~*~*~tactically~*~*~ (stealth).
   322 | D:1      | 322 ||| Stepping ~*~*~tactically~*~*~ (stealth).
   326 | D:1      | 326 ||| Stepping ~*~*~tactically~*~*~ (stealth).
   327 | D:1      | 327 ||| Stepping ~*~*~tactically~*~*~ (stealth).
   328 | D:1      | 328 ||| Stepping ~*~*~tactically~*~*~ (stealth).
   329 | D:1      | 329 ||| Stepping ~*~*~tactically~*~*~ (stealth).
   330 | D:1      | 330 ||| Stepping ~*~*~tactically~*~*~ (stealth).
   332 | D:1      | 332 ||| Stepping ~*~*~tactically~*~*~ (stealth).
   456 | D:1      | HP: 4/17 [quokka (4)]
   457 | D:1      | HP: 1/17 [quokka (3)]
  1203 | D:1      | Found Mumy's Book Boutique.
  1263 | D:1      | Reached XP level 3. HP: 20/21 MP: 7/7
  1388 | D:1      | Found a basalt altar of Yredelemnul.
  1394 | D:1      | 1394 ||| READING scroll labelled URUSSEWOON.
  1395 | D:1      | 1395 ||| READING scroll labelled ODIOTU NOCSAU.
  1396 | D:1      | 1396 ||| READING scroll labelled ZEGRAEC WUIFEPS.
  1397 | D:1      | 1397 ||| READING 2 scrolls labelled SOGERCH BAKO.
  1398 | D:1      | 1398 ||| DROPPING scroll of blinking.
  1399 | D:1      | 1399 ||| DROPPING scroll of noise.
  1469 | D:2      | Reached skill level 4 in Axes
  1501 | D:2      | 1501 ||| Stepping ~*~*~tactically~*~*~ (stealth).
  1509 | D:2      | 1509 ||| Stepping ~*~*~tactically~*~*~ (stealth).
  1511 | D:2      | 1511 ||| Stepping ~*~*~tactically~*~*~ (stealth).
  1676 | D:2      | Slain by a gnoll

Levels and vault maps discovered:
D:1:      dpeg_arrival_water_altar, layout_loops_cross, serial_shops, shop,
          nicolae_shop_hallway_plus, shop
D:2:      layout_basic, hellmonk_ecumenical_altar_run_dry

Skill      XL: |  1  2  3 |
---------------+----------+-----
Axes           | 3 4 |  4.5
Fighting       | |  2.0
Throwing       | |  1.0
Armour         | |  1.1
Dodging        | |  2.1
Spellcasting   | |  2.0
Translocations | |  2.4

Action                   || total
-------------------------++-------
Melee: Hand axe          ||    78
       Kick              ||    11
       Peck              ||     5
       Punch             ||     1
Throw: Boomerang         ||     7
  Use: Scroll            ||     4
Armor: Leather armour    ||    15
Dodge: Dodged            ||    42

Table legend:
 A = Non-vault XP
 B = Vault XP
 C = Vault XP percentage of total XP
 D = Non-vault monster count
 E = Vault monster count
 F = Vault count percentage of total count
                 A         B        C        D         E       F
            +---------+---------+-------+---------+---------+-------
      Total |      80 |       0 |   0.0 |      27 |       0 |   0.0
            +---------+---------+-------+---------+---------+-------
        D:1 |      35 |       0 |   0.0 |      22 |       0 |   0.0
        D:2 |      45 |       0 |   0.0 |       5 |       0 |   0.0
            +---------+---------+-------+---------+---------+-------
